 Dungeon Sprint DCSS version 0.27.1-4-g1640c2035a (webtiles) character file.

Game seed: 2739825604373282478

611 Arandomuser the Fighter (level 7, -1/72 HPs)
             Began as a Minotaur Fighter on Nov 4, 2021.
             Was an Initiate of the Shining One.
             Succumbed to Sonja's poison
             ... in the Dungeon (Sprint I: "Red Sonja").
             The game lasted 00:02:55 (459 turns).

Arandomuser the Fighter (Minotaur Fighter)           Turns: 459, Time: 00:02:56

Health: -1/72      AC: 15    Str: 22    XL:     7   Next: 20%
Magic:  6/6        EV:  9    Int:  5    God:    the Shining One [......]
Gold:   182        SH: 12    Dex: 10    Spells: 6/6 levels left

rFire    . . .     SeeInvis .   i - +4 long sword (protect)
rCold    . . .     Faith    .   c - +0 kite shield
rNeg     . . .     Spirit   .   b - +0 scale mail
rPois    .         Reflect  .   (helmet restricted)
rElec    .         Harm     .   (no cloak)
rCorr    .         Rampage  .   (no gloves)
Will     .....     NoTele   +   (no boots)
Stlth    ..........             (no amulet)
HPRegen  0.22/turn              (no ring)
MPRegen  0.10/turn              (no ring)

@: lethally poisoned (-1 -> -30), under a protective aura, glowing
A: horns 2, retaliatory headbutt
a: Renounce Religion


You were in the Dungeon.
You worshipped the Shining One.
The Shining One was noncommittal.
You visited 1 branch You collected 351 gold pieces.
You spent 169 gold pieces at shops.

Inventory:

Hand Weapons
 a - a +0 long sword
 e - a +2 scythe of protection
 i - a +4 long sword of protection (weapon)
Armour
 b - a +0 scale mail (worn)
 c - a +0 kite shield (worn)
Scrolls
 f - a scroll of vulnerability {unknown}
 j - a scroll of blinking
Potions
 d - a potion of might
 g - a potion of haste
 h - 2 potions of magic
 k - 2 potions of lignification {unknown}


   Skills:
 + Level 10.1 Fighting
 + Level 8.2 Long Blades
 + Level 4.7 Polearms
 + Level 9.6 Armour
 + Level 2.3 Dodging
 + Level 10.0 Shields


You had 6 spell levels left.
You didn't know any spells.
Your spell library was empty.

Dungeon Overview and Level Annotations

Branches:
Dungeon (1/1)

Altars:
Cheibriados
Dithmenos
Elyvilon
Fedhas
Gozag
Hepliaklqana
Kikubaaqudgha
Makhleb
Nemelex Xobeh
Okawaru
Qazlal
Ru
Sif Muna
Trog
Uskayaw
Vehumet
Wu Jian
Xom
Yredelemnul
Zin
The Shining One
Jiyva
Lugonu

Shops:
D (

Annotations:
D Sonja


Innate Abilities, Weirdness & Mutations

You have a pair of horns on your head.
You reflexively headbutt those who attack you in melee.


Message History

You feel sick.
You now have 155 gold pieces (gained 27).
You feel sick.
You feel sick.
You see here 27 gold pieces.
You feel sick.
Sonja casts a spell.
Sonja blinks!
Sonja gestures wildly while chanting.
Sonja blinks!
You feel sick.
You now have 182 gold pieces (gained 27).
You feel sick.
You are no longer poisoned.
Sonja hits you with a +2 short sword of venom.
You are poisoned.
Sonja closely misses you. You block Sonja's attack.
You see here 27 gold pieces.
You completely miss Sonja. Your headbutt misses Sonja.
You feel very sick. Sonja completely misses you.
You riposte.
You slash Sonja!
Your weapon exudes an aura of protection.
Sonja is heavily wounded.
You block Sonja's attack. x2
Sonja hits you with a +2 short sword of venom.
* * * LOW HITPOINT WARNING * * *
You are lethally poisoned!
Sonja hits you with a +2 short sword of venom.
* * * LOW HITPOINT WARNING * * *
You are more poisoned.
You block Sonja's attack.
You miss Sonja. Your headbutt misses Sonja.
Sonja is heavily wounded.
* * * LOW HITPOINT WARNING * * *
You feel extremely sick.
You block Sonja's attack. x2; Sonja hits you but does no damage.
You are more poisoned.
You miss Sonja.
Sonja is heavily wounded.
You die...

#..#####'#####'#__#
#..####..#...#)####
#..#__####..##.#
#..#_____##'#_.+
#⌠⌠#_.∩...†..._#
####_..__##_.#+#
#_____###'#
#########K## +@..+
#..$# ##.## #+#


You could see Sonja.

Vanquished Creatures
  A slime creature (D)
  Sigmund (D)
  A yak (D)
  An ogre (D)
  A jelly (D)
  Ijyb (D)
6 creatures vanquished.

Vanquished Creatures (others)
  A gargoyle (D)
1 creature vanquished.

Grand Total: 7 creatures vanquished

Notes
Turn   | Place    | Note
-------+----------+-------------------------------------------
     0 | D        | Arandomuser the Minotaur Fighter began the quest for the
                  | Orb.
     0 | D        | Reached XP level 1. HP: 19/19 MP: 0/0
     2 | D        | Noticed Ijyb
    11 | D        | Killed Ijyb
    12 | D        | Reached skill level 5 in Fighting
    12 | D        | Reached skill level 5 in Armour
    12 | D        | Reached skill level 5 in Shields
    12 | D        | Reached XP level 2. HP: 25/29 MP: 1/1
    48 | D        | Noticed an ogre
    53 | D        | Killed an ogre
    54 | D        | Reached skill level 5 in Long Blades
    54 | D        | Reached XP level 3. HP: 18/38 MP: 2/2
    54 | D        | Reached XP level 4. HP: 21/45 MP: 3/3
   151 | D        | Noticed Sigmund
   166 | D        | HP: 2/45 [Sigmund/magic dart (9)]
   173 | D        | Killed Sigmund
   174 | D        | Reached skill level 1 in Dodging
   174 | D        | Reached XP level 5. HP: 23/56 MP: 4/4
   206 | D        | Found an ornate altar of the Wu Jian Council.
   206 | D        | Found a shimmering blue altar of Sif Muna.
   208 | D        | Found a radiant altar of Vehumet.
   213 | D        | Reached XP level 6. HP: 32/62 MP: 5/5
   231 | D        | Found a burning altar of Makhleb.
   231 | D        | Found a viscous altar of Jiyva.
   231 | D        | Found a shimmering altar of Xom.
   231 | D        | Found a corrupted altar of Lugonu.
   231 | D        | Noticed a slime creature
   238 | D        | Killed a slime creature
   413 | D        | Found Plog's Antique Weapon Emporium.
   413 | D        | Found an ancient bone altar of Kikubaaqudgha.
   413 | D        | Found a hazy altar of Hepliaklqana.
   413 | D        | Found a stormy altar of Qazlal.
   413 | D        | Found a hide-covered altar of Uskayaw.
   413 | D        | Found a blossoming altar of Fedhas.
   413 | D        | Found a bloodstained altar of Trog.
   413 | D        | Found an iron altar of Okawaru.
   413 | D        | Found a basalt altar of Yredelemnul.
   413 | D        | Found a glowing golden altar of the Shining One.
   413 | D        | Found a snail-covered altar of Cheibriados.
   413 | D        | Found a sacrificial altar of Ru.
   413 | D        | Found a glowing silver altar of Zin.
   413 | D        | Found a shadowy altar of Dithmenos.
   413 | D        | Found a white marble altar of Elyvilon.
   413 | D        | Noticed a yak
   419 | D        | Killed a yak
   420 | D        | Reached skill level 10 in Fighting
   420 | D        | Reached skill level 10 in Shields
   420 | D        | Reached XP level 7. HP: 36/72 MP: 6/6
   420 | D        | Found an opulent altar of Gozag.
   421 | D        | Found a sparkling altar of Nemelex Xobeh.
   425 | D        | Bought a glowing long sword for 169 gold pieces
   434 | D        | Became a worshipper of the Shining One
   445 | D        | Noticed Sonja
   453 | D        | Killed a gargoyle
   459 | D        | Succumbed to Sonja's poison

Illustrated notes

Levels and vault maps discovered:
D:        dungeon_sprint_1 [red_sonja_temple_1, red_sonja_temple_small_1]

Skill      XL: |  1  2  3  4  5  6 |
---------------+-------------------+-----
Fighting       | 5 6 8 10 | 10.1
Long Blades    | 3 5 6 8 |  8.2
Armour         | 5 6 8 9 |  9.6
Shields        | 5 6 8 10 | 10.0
Dodging        | 1 2 |  2.3
Polearms       | 4 |  4.7

Action                   |  1- 3 |  4- 6 |  7- 9 || total
-------------------------+-------+-------+-------++-------
Melee: Long sword        |    11 |    14 |     4 ||    29
       Headbutt          |     2 |    12 |       ||    14
       Scythe            |       |    15 |       ||    15
  Use: Potion            |     1 |     2 |       ||     3
Armor: Scale mail        |     3 |    10 |     1 ||    14
Dodge: Dodged            |     3 |    11 |     3 ||    17
Block: Kite shield       |     5 |     5 |    10 ||    20
       Rpst.: Long sword |       |     1 |     1 ||     2
